 Dungeon Crawl Stone Soup version 0.22.1-2-g9c5b331383 (webtiles) character file.

332 purescai the Cudgeler (level 6, -7/47 HPs)
             Began as a Human Gladiator on Dec 26, 2018.
             Was a Follower of Makhleb.
             Mangled by Edmund
             ... wielding a +1 dire flail of venom
              (8 damage)
             ... on level 4 of the Dungeon.
             The game lasted 00:20:51 (2555 turns).

purescai the Cudgeler (Human Gladiator)             Turns: 2555, Time: 00:20:52

Health: -7/47      AC:  8    Str: 17    XL:     6   Next: 82%
Magic:  0/6        EV: 11    Int:  8    God:    Makhleb [*.....]
Gold:   191        SH:  0    Dex: 14    Spells: 5/5 levels left

rFire    . . .     SeeInvis .   a - +2 flail
rCold    + . .     Gourm    .   (no shield)
rNeg     . . .     Faith    .   j - +0 scale mail {rC+}
rPois    .         Spirit   +   c - +1 helmet
rElec    .         Reflect  .   e - +0 cloak
rCorr    .         Harm     .   (no gloves)
MR       .....     Rnd*Rage +   (no boots)
Stlth    ..........             p - amulet of guardian spirit
HPRegen  0.15/turn              (no ring)
MPRegen  0.10/turn              (no ring)

@: lethally poisoned (-7 -> -55), hasted, very quick
A: talons 1, yellow scales 1, berserk 1, deformed body
a: Renounce Religion


You were on level 4 of the Dungeon.
You worshipped Makhleb.
Makhleb was aware of your devotion.
You were not hungry.

You visited 1 branch of the dungeon, and saw 4 of its levels.

You collected 191 gold pieces.

Inventory:

Hand Weapons
 a - a +2 flail (weapon)
Armour
 b - a +0 leather armour
 c - a +1 helmet (worn)
 e - a +0 cloak (worn)
 i - a +0 plate armour
 j - a +0 scale mail of cold resistance (worn)
Jewellery
 n - an uncursed ring of protection from magic {unknown}
 p - an amulet of guardian spirit (around neck)
Scrolls
 k - a scroll of identify
 o - a scroll of remove curse
Comestibles
 f - 4 rations


   Skills:
 + Level 3.4 Fighting
 + Level 5.1 Maces & Flails
 + Level 2.0 Throwing
 + Level 2.3 Armour
 + Level 4.0 Dodging
 + Level 0.3 Stealth


You had 5 spell levels left.
You didn't know any spells.
Your spell library was empty.

Dungeon Overview and Level Annotations

Branches:
Dungeon (4/15)
 Temple: D:4-7

Altars:
Makhleb
Okawaru

Annotations:
D:4 Edmund


Innate Abilities, Weirdness & Mutations

You have sharp toenails.
You are partially covered in yellow scales. (AC +2)
You tend to lose your temper in combat.
Armour fits poorly on your strangely shaped body.


Message History

You feel sick.
Edmund hits you with a dire flail of venom!
You are more poisoned.
You hit Edmund but do no damage. You claw Edmund, but do no damage.
Edmund is heavily wounded.
* * * LOW HITPOINT WARNING * * *
You feel very sick. Edmund closely misses you.
You barely miss Edmund. You claw Edmund, but do no damage.
Edmund is heavily wounded.
* * * LOW HITPOINT WARNING * * *
You feel very sick.
Edmund hits you with a dire flail of venom.
* * * LOW HITPOINT WARNING * * *
You are more poisoned.
You feel yourself speed up.
* * * LOW HITPOINT WARNING * * *
You feel very sick.
Edmund hits you with a dire flail of venom!
You die...

######..#
##..[....#
##.........
##..........
#
##..........(
# #####
#...........(
## ##...##
#....<.......
.###.....#
#...@@....(#
.##......#
#.........##
.##......##
####.....##
..........#
##.#####
#.........#
##..#
#.........#
#..##
#........##
##..###
##.......#
##.....##
#.......#
#.......#


You could see Edmund.

Vanquished Creatures
  A howler monkey (D:4)
  A crimson imp (D:2)
  A bullfrog skeleton (D:4)
  Natasha (D:3)
  An orc wizard (D:4)
  A worker ant (D:4)
  A hound skeleton (D:4)
  4 adders
  An ooze (D:3)
  3 worms
  2 dart slugs (D:2)
  5 leopard geckos
  8 orcs
  3 ball pythons
  10 bats
  5 giant cockroaches
  6 goblins
  7 hobgoblins
  3 jackals (D:2)
  2 quokkas
  4 frilled lizards
  9 kobolds
  9 rats
88 creatures vanquished.

Notes
Turn   | Place    | Note
-------+----------+-------------------------------------------
     0 | D:1      | purescai the Human Gladiator began the quest for the Orb.
     0 | D:1      | Reached XP level 1. HP: 16/16 MP: 1/1
   125 | D:1      | Gained mutation: Armour fits poorly on your strangely
                  | shaped body. [potion of mutation]
   125 | D:1      | Gained mutation: You are partially covered in yellow
                  | scales. (AC +2) [potion of mutation]
   125 | D:1      | Gained mutation: You tend to lose your temper in combat.
                  | [potion of mutation]
   125 | D:1      | Gained mutation: You have sharp toenails. [potion of
                  | mutation]
   246 | D:1      | Reached XP level 2. HP: 22/22 MP: 2/2
   419 | D:1      | Reached XP level 3. HP: 27/27 MP: 3/3
  1141 | D:2      | Reached XP level 4. HP: 34/34 MP: 4/4
  1148 | D:2      | Found a burning altar of Makhleb.
  1185 | D:2      | Reached skill level 4 in Maces & Flails
  1185 | D:2      | Reached skill level 1 in Armour
  1189 | D:2      | Became a worshipper of Makhleb the Destroyer
  1268 | D:2      | Reached XP level 5. HP: 18/39 MP: 5/5
  2092 | D:3      | Noticed Natasha
  2101 | D:3      | Killed Natasha
  2160 | D:3      | Found a glowing drain.
  2319 | D:4      | Reached XP level 6. HP: 37/47 MP: 3/6
  2404 | D:4      | Found an iron altar of Okawaru.
  2433 | D:4      | Reached * piety under Makhleb
  2433 | D:4      | Reached skill level 5 in Maces & Flails
  2538 | D:4      | Noticed Edmund
  2555 | D:4      | HP: 1/47 [poisoned by Edmund]
  2555 | D:4      | Mangled by Edmund

Skill      XL: |  1  2  3  4  5  6 |
---------------+-------------------+-----
Maces & Flails | 4 5 |  5.1
Armour         | 1 2 |  2.3
Fighting       | 3 |  3.4
Dodging        | 4 |  4.0
Throwing       | |  2.0
Stealth        | |  0.3

Action                   |  1- 3 |  4- 6 || total
-------------------------+-------+-------++-------
Melee: Flail             |    80 |   192 ||   272
       Kick              |    16 |    51 ||    67
Throw: Throwing net      |       |     3 ||     3
  Use: Scroll            |     6 |     6 ||    12
       Potion            |     5 |     4 ||     9
  Eat: Ration            |       |     2 ||     2
Armor: Leather armour    |    32 |       ||    32
       Scale mail        |    21 |    70 ||    91
Dodge: Dodged            |    90 |   143 ||   233
